AA
ARKANSAS TRAVELERS @ CORPUS CHRISTI HOOKS
04/29/2018
 
TOP OF THE 1ST
Arkansas Travelers batting - Pitching for Corpus Christi Hooks : LHP Evan Kruczynski
Pitching: LHP Evan Kruczynski
Batting: RHB Luis Robert 0-0: Foul Ball, location: 2F
0-1: SINGLE (Popup, 56D)
Batting: RHB Keston Hiura 0-0: Ball
1-0: Foul Ball, location: 2F
1-1: Ball
2-1: Ball
3-1: Swinging Strike
3-2: Foul Ball, location: 2F
3-2: Fly out, F9 (Line Drive, 9)
Batting: SHB Keibert Ruiz 0-0: Ball
1-0: Called Strike
1-1: Fly out, F8 (Flyball, 8LD)
Batting: RHB Jacob Nottingham 0-0: Swinging Strike
0-1: Ball
1-1: Ball
2-1: Foul Ball, location: 2F
2-2: Foul Ball, location: 2F
2-2: Ball
Wild Pitch!
Luis Robert to second
3-2: Foul Ball, location: 2F
3-2: Foul Ball, location: 2F
3-2: Fly out, F5 (Popup, 56S)
Top of the 1st over - 0 runs, 1 hit, 0 errors, 1 left on base; Arkansas 0 - Corpus Christi 0
BOTTOM OF THE 1ST
Corpus Christi Hooks batting - Pitching for Arkansas Travelers : LHP Adrian Morejon
Pitching: LHP Adrian Morejon
Batting: RHB Derek Hill 0-0: Ball
1-0: Ball
2-0: Bunt for hit - play at first, batter OUT! 1-3
Batting: RHB Ti'Quan Forbes 0-0: Ground out 6-3 (Groundball, 56)
Batting: RHB Steve Baron 0-0: Ball
1-0: Ball
2-0: Ball
3-0: Called Strike
3-1: Base on Balls
Batting: RHB Jermaine Palacios 0-0: Fly out, F3 (Popup, 3SF)
Bottom of the 1st over - 0 runs, 0 hits, 0 errors, 1 left on base; Arkansas 0 - Corpus Christi 0
TOP OF THE 2ND
Arkansas Travelers batting - Pitching for Corpus Christi Hooks : LHP Evan Kruczynski
Batting: RHB Fernando Tatis Jr. 0-0: Called Strike
0-1: SINGLE (Line Drive, 4D)
Batting: LHB Gavin Lux 0-0: SINGLE (Groundball, 56D)
Fernando Tatis Jr. to second
Batting: RHB Eddy Julio Martinez 0-0: Foul Ball, location: 2F
0-1: Ball
1-1: Ball
2-1: Foul Ball, location: 2F
2-2: Foul Ball, location: 2F
2-2: Strikes out swinging
Batting: LHB Nick Banks 0-0: Ball
1-0: Called Strike
1-1: Called Strike
1-2: SINGLE (Groundball, 4D)
Fernando Tatis Jr. to third
Gavin Lux to second
Runner from 3rd tries for Home, SAFE, throw made home
Batting: LHB Braxton Davidson 0-0: Ball
1-0: Called Strike
1-1: Called Strike
1-2: Ball
2-2: Ball
Wild Pitch!
Gavin Lux to third
Nick Banks to second
3-2: Strikes out swinging
Batting: RHB Luis Robert 0-0: Foul Ball, location: 2F
0-1: Ball
1-1: Ball
2-1: Ball
3-1: Called Strike
3-2: Fly out, F8 (Flyball, 8LS)
Top of the 2nd over - 1 run, 3 hits, 0 errors, 2 left on base; Arkansas 1 - Corpus Christi 0
BOTTOM OF THE 2ND
Corpus Christi Hooks batting - Pitching for Arkansas Travelers : LHP Adrian Morejon
Batting: LHB Jake Ring 0-0: Ball
1-0: Ball
2-0: Swinging Strike
2-1: SINGLE (Line Drive, 89S)
Batting: LHB Trever Morrison 0-0: Foul Ball, location: 2F
0-1: Fly out, F8 (Flyball, 8RS)
Batting: SHB Kirvin Moesquit 0-0: Ball
1-0: Fly out, F9 (Flyball, 9D)
Batting: RHB Ben Johnson 0-0: 2-RUN HOME RUN (Flyball, 8RXD), Distance : 433 ft
Batting: LHB Juan Centeno 0-0: Ground out 1-3 (Groundball, 13S)
Bottom of the 2nd over - 2 runs, 2 hits, 0 errors, 0 left on base; Arkansas 1 - Corpus Christi 2
TOP OF THE 3RD
Arkansas Travelers batting - Pitching for Corpus Christi Hooks : LHP Evan Kruczynski
Batting: RHB Keston Hiura 0-0: Called Strike
0-1: Ball
1-1: Swinging Strike
1-2: Foul Ball, location: 2F
1-2: Ball
2-2: Strikes out swinging
Batting: SHB Keibert Ruiz 0-0: Called Strike
0-1: Ball
1-1: Foul Ball, location: 2F
1-2: SOLO HOME RUN (Flyball, 7D), Distance : 382 ft
Batting: RHB Jacob Nottingham 0-0: Called Strike
0-1: Called Strike
0-2: Strikes out swinging
Batting: RHB Fernando Tatis Jr. 0-0: Called Strike
0-1: Swinging Strike
0-2: Reached on error, E4 (Groundball, 4)
Batting: LHB Gavin Lux 0-0: Foul Ball, location: 2F
0-1: Ball
1-1: Swinging Strike
1-2: Strikes out swinging
Top of the 3rd over - 1 run, 1 hit, 1 error, 1 left on base; Arkansas 2 - Corpus Christi 2
BOTTOM OF THE 3RD
Corpus Christi Hooks batting - Pitching for Arkansas Travelers : LHP Adrian Morejon
Batting: RHB Derek Hill 0-0: Ball
1-0: Bunted foul
1-1: Ball
2-1: Ball
3-1: Fly out, F8 (Line Drive, 8RM)
Batting: RHB Ti'Quan Forbes 0-0: Called Strike
0-1: Fly out, F8 (Line Drive, 8RM)
Batting: RHB Steve Baron 0-0: Fly out, F8 (Flyball, 89M)
Bottom of the 3rd over - 0 runs, 0 hits, 0 errors, 0 left on base; Arkansas 2 - Corpus Christi 2
TOP OF THE 4TH
Arkansas Travelers batting - Pitching for Corpus Christi Hooks : LHP Evan Kruczynski
Batting: RHB Eddy Julio Martinez 0-0: SOLO HOME RUN (Flyball, 9D), Distance : 393 ft
Batting: LHB Nick Banks 0-0: Ball
1-0: Ball
2-0: SINGLE (Groundball, 2R) (infield hit)
Pitching: LHP Garrett Williams
Batting: LHB Braxton Davidson 0-0: Swinging Strike
0-1: Grounds into double play, 5-4-3 (Groundball, 56)
Batting: RHB Luis Robert 0-0: Called Strike
0-1: Called Strike
0-2: Strikes out swinging
Top of the 4th over - 1 run, 2 hits, 0 errors, 0 left on base; Arkansas 3 - Corpus Christi 2
BOTTOM OF THE 4TH
Corpus Christi Hooks batting - Pitching for Arkansas Travelers : LHP Adrian Morejon
Batting: RHB Jermaine Palacios 0-0: Bunt for hit - play at first, batter OUT! 1-3
Batting: LHB Jake Ring 0-0: Ball
1-0: Fly out, F9 (Line Drive, 9)
Batting: LHB Trever Morrison 0-0: Ball
1-0: Ball
2-0: Fly out, F7 (Line Drive, 7)
Bottom of the 4th over - 0 runs, 0 hits, 0 errors, 0 left on base; Arkansas 3 - Corpus Christi 2
TOP OF THE 5TH
Arkansas Travelers batting - Pitching for Corpus Christi Hooks : LHP Garrett Williams
Batting: RHB Keston Hiura 0-0: Called Strike
0-1: Fly out, F7 (Flyball, 7S)
Batting: SHB Keibert Ruiz 0-0: Ball
1-0: Fly out, F7 (Flyball, 7S)
Batting: RHB Jacob Nottingham 0-0: Ball
1-0: Ball
2-0: Ball
3-0: Called Strike
3-1: SINGLE (Line Drive, 78M)
Batting: RHB Fernando Tatis Jr. 0-0: Ball
1-0: Fly out, F3 (Popup, 34S)
Top of the 5th over - 0 runs, 1 hit, 0 errors, 1 left on base; Arkansas 3 - Corpus Christi 2
BOTTOM OF THE 5TH
Corpus Christi Hooks batting - Pitching for Arkansas Travelers : LHP Adrian Morejon
Batting: SHB Kirvin Moesquit 0-0: Called Strike
0-1: SINGLE (Line Drive, 8RS)
Batting: RHB Ben Johnson 0-0: Ball
1-0: Called Strike
1-1: Fly out, F8 (Flyball, 8LM)
Batting: LHB Juan Centeno 0-0: Ball
1-0: Called Strike
1-1: Grounds into double play, 5-4-3 (Groundball, 5)
Bottom of the 5th over - 0 runs, 1 hit, 0 errors, 0 left on base; Arkansas 3 - Corpus Christi 2
TOP OF THE 6TH
Arkansas Travelers batting - Pitching for Corpus Christi Hooks : LHP Garrett Williams
Batting: LHB Gavin Lux 0-0: Swinging Strike
0-1: Foul Ball, location: 2F
0-2: Foul Ball, location: 2F
0-2: SOLO HOME RUN (Flyball, 9D), Distance : 409 ft
Batting: RHB Eddy Julio Martinez 0-0: Called Strike
0-1: Bunt for hit - play at first, batter OUT! 5-3
Batting: LHB Nick Banks 0-0: Ball
1-0: Ball
2-0: SINGLE (Groundball, 3D)
Batting: LHB Braxton Davidson 0-0: Ball
1-0: Ball
2-0: Fly out, F9 (Flyball, 9S)
Batting: RHB Luis Robert 0-0: SINGLE (Groundball, 6MD)
Nick Banks to second
Runner from 2nd tries for 3rd, SAFE, throw made to third
Batting: RHB Keston Hiura 0-0: Ball
1-0: Ball
2-0: Fielders Choice at 2nd, 6-4 (Groundball, 6)
Top of the 6th over - 1 run, 3 hits, 0 errors, 2 left on base; Arkansas 4 - Corpus Christi 2
BOTTOM OF THE 6TH
Corpus Christi Hooks batting - Pitching for Arkansas Travelers : LHP Adrian Morejon
Batting: RHB Derek Hill 0-0: Ball
1-0: Called Strike
1-1: Ball
2-1: SINGLE (Line Drive, 34D)
Batting: RHB Ti'Quan Forbes 0-0: Ball
1-0: Called Strike
1-1: Fly out, F7 (Line Drive, 7)
Batting: RHB Steve Baron 0-0: Grounds into double play, 6-4-3 (Groundball, 56)
Bottom of the 6th over - 0 runs, 1 hit, 0 errors, 0 left on base; Arkansas 4 - Corpus Christi 2
TOP OF THE 7TH
Arkansas Travelers batting - Pitching for Corpus Christi Hooks : LHP Garrett Williams
Batting: SHB Keibert Ruiz 0-0: Called Strike
0-1: Ball
1-1: Swinging Strike
1-2: Fly out, F7 (Line Drive, 7)
Batting: RHB Jacob Nottingham 0-0: Ball
1-0: Swinging Strike
1-1: Ball
2-1: Ball
3-1: Called Strike
3-2: Fly out, F9 (Flyball, 89XD)
Batting: RHB Fernando Tatis Jr. 0-0: Ball
1-0: Ball
2-0: Ball
3-0: Called Strike
3-1: Foul Ball, location: 2F
3-2: Foul Ball, location: 2F
3-2: Base on Balls
Batting: LHB Gavin Lux 0-0: Called Strike
0-1: Ball
1-1: Fly out, F3 (Popup, 23)
Top of the 7th over - 0 runs, 0 hits, 0 errors, 1 left on base; Arkansas 4 - Corpus Christi 2
BOTTOM OF THE 7TH
Corpus Christi Hooks batting - Pitching for Arkansas Travelers : LHP Adrian Morejon
Batting: RHB Jermaine Palacios 0-0: Ball
1-0: Ground out 2-3 (Groundball, 2R)
Batting: LHB Jake Ring 0-0: Ball
1-0: Ball
2-0: Fly out, F7 (Flyball, 7LM)
Batting: LHB Trever Morrison 0-0: Foul Ball, location: 2F
0-1: Ball
1-1: Reached on error, E5 (Groundball, 5S)
Batting: SHB Kirvin Moesquit 0-0: Ball
1-0: Swinging Strike
1-1: Fielders Choice at 2nd, 5-4 (Groundball, 56)
Bottom of the 7th over - 0 runs, 0 hits, 1 error, 1 left on base; Arkansas 4 - Corpus Christi 2
TOP OF THE 8TH
Arkansas Travelers batting - Pitching for Corpus Christi Hooks : LHP Garrett Williams
Batting: RHB Eddy Julio Martinez 0-0: Ball
1-0: Called Strike
1-1: Ball
2-1: Foul Ball, location: 2F
2-2: Fly out, F8 (Flyball, 8RM)
Batting: LHB Nick Banks 0-0: Ball
1-0: Fly out, F8 (Flyball, 8RXD)
Batting: LHB Braxton Davidson 0-0: Ball
1-0: Swinging Strike
1-1: Fly out, F7 (Flyball, 7LMF)
Top of the 8th over - 0 runs, 0 hits, 0 errors, 0 left on base; Arkansas 4 - Corpus Christi 2
BOTTOM OF THE 8TH
Corpus Christi Hooks batting - Pitching for Arkansas Travelers : LHP Adrian Morejon
Batting: RHB Ben Johnson 0-0: Ball
1-0: Called Strike
1-1: Ball
2-1: Foul Ball, location: 2F
2-2: Strikes out swinging
Batting: LHB Juan Centeno 0-0: Foul Ball, location: 2F
0-1: Called Strike
0-2: Ball
1-2: Fly out, F8 (Flyball, 78D)
Batting: RHB Derek Hill 0-0: Called Strike
0-1: Called Strike
0-2: Strikes out swinging
Bottom of the 8th over - 0 runs, 0 hits, 0 errors, 0 left on base; Arkansas 4 - Corpus Christi 2
TOP OF THE 9TH
Arkansas Travelers batting - Pitching for Corpus Christi Hooks : LHP Garrett Williams
Batting: RHB Luis Robert 0-0: Fly out, F8 (Line Drive, 8RD)
Batting: RHB Keston Hiura 0-0: Ball
1-0: Foul Ball, location: 2F
1-1: Fly out, F8 (Flyball, 8RM)
Batting: SHB Keibert Ruiz 0-0: Called Strike
0-1: Fly out, F4 (Popup, 34)
Top of the 9th over - 0 runs, 0 hits, 0 errors, 0 left on base; Arkansas 4 - Corpus Christi 2
BOTTOM OF THE 9TH
Corpus Christi Hooks batting - Pitching for Arkansas Travelers : LHP Adrian Morejon
Pitching: RHP Gerson Bautista
Batting: RHB Ti'Quan Forbes 0-0: Swinging Strike
0-1: Swinging Strike
0-2: Ground out 5-3 (Groundball, 56)
Batting: RHB Steve Baron 0-0: Ball
1-0: Ball
2-0: Called Strike
2-1: Ball
3-1: Foul Ball, location: 2F
3-2: Base on Balls
Batting: RHB Jermaine Palacios 0-0: Called Strike
0-1: Swinging Strike
0-2: Ball
1-2: SINGLE (Groundball, 15S) (infield hit)
Steve Baron to second
Batting: LHB Jake Ring 0-0: Ball
1-0: Foul Ball, location: 2F
1-1: Swinging Strike
1-2: Foul Ball, location: 2F
1-2: SINGLE (Flyball, 9S)
Steve Baron to third
Jermaine Palacios to second
Pitching: RHP Robert Tyler
Batting: LHB Trever Morrison 0-0: Ball
1-0: Foul Ball, location: 2F
1-1: Ball
2-1: Foul Ball, location: 2F
2-2: Strikes out swinging
Batting: SHB Kirvin Moesquit 0-0: Ball
1-0: Ball
2-0: Fielders Choice at 2nd, 6-4 (Groundball, 6)
Bottom of the 9th over - 0 runs, 2 hits, 0 errors, 3 left on base; Arkansas 4 - Corpus Christi 2
Wednesday, June 20th, 2018 - OOTP Baseball 19.6 Build 53